 Dungeon Crawl Stone Soup version 0.20.2-3-g29329e0561 (webtiles) character file.

399 Alfie the Shield-Bearer (level 6, 0/53 HPs)
             Began as a Hill Orc Fighter on Sept 22, 2022.
             Slain by a rat (2 damage)
             ... in a sewer.
             The game lasted 00:07:01 (1808 turns).

Alfie the Shield-Bearer (Hill Orc Fighter)          Turns: 1808, Time: 00:07:01

Health: 0/53       AC:  7    Str: 25    XL:     6   Next: 84%
Magic:  6/6        EV:  8    Int:  8    God:
Gold:   209        SH: 10    Dex: 10    Spells: 5/5 levels left

rFire    . . .     SeeInvis .   h - +1 short sword (venom)
rCold    . . .     Gourm    .   c - +0 shield
rNeg     . . .     Faith    .   b - +0 scale mail
rPois    .         Spirit   .   (no helmet)
rElec    .         Reflect  .   (no cloak)
rCorr    .         Harm     .   (no gloves)
MR       .....                  (no boots)
Stlth    ..........             (no amulet)
Regen    0.2/turn               k - +4 ring of strength
MPRegen  0.1/turn               (no ring)

@: no status effects
A: no striking features
a: no special abilities


You were in a sewer.
You were not hungry.

You visited 1 branch of the dungeon, and saw 4 of its levels.
You also visited: Sewer.

You collected 209 gold pieces.

Inventory:

Hand Weapons
 a - a +1 rapier
 h - a +1 short sword of venom (weapon)
Armour
 b - a +0 scale mail (worn)
 c - a +0 shield (worn)
Jewellery
 g - an uncursed ring of resist corrosion
 k - a +4 ring of strength (left hand)
 l - an uncursed ring of stealth {unknown}
 r - an uncursed ring of flight {unknown}
Scrolls
 n - a scroll of teleportation
Potions
 d - a potion of might
 i - a potion of lignification
 j - 2 potions of heal wounds
 m - 3 potions of curing {unknown}
 o - a potion of agility {unknown}
 p - a potion of brilliance {unknown}
Comestibles
 f - 2 bread rations


   Skills:
 + Level 4.5 Fighting
 + Level 4.3 Short Blades
 + Level 4.9 Armour
 + Level 1.0 Dodging
 + Level 0.1 Stealth
 + Level 5.0 Shields


You had 5 spell levels left.
You didn't know any spells.

Dungeon Overview and Level Annotations

Branches:
Dungeon (4/15)
 Temple: D:4-7

Altars:
Okawaru

Annotations:
D:4 Robin


Message History

The river rat bites you but does no damage.
The rat bites you.
* * * LOW HITPOINT WARNING * * *
You hit the rat.
You kill the rat!
You block the rat's attack. The river rat closely misses you.
The rat bites you but does no damage.
You barely miss the rat. The rat bites you.
* * * LOW HITPOINT WARNING * * *
The rat twitches its whiskers.
You block the river rat's attack. The rat barely misses you.
You block the rat's attack. The rat bites you.
* * * LOW HITPOINT WARNING * * *
You block the rat's attack. The river rat bites you.
* * * LOW HITPOINT WARNING * * *
You block the rat's attack.
You see here a rat corpse.
You barely miss the rat. The rat bites you but does no damage.
The rat bites you.
You die...

≈≈.≈.............†...†....≈..≈≈≈≈
≈≈≈≈≈≈≈≈...≈≈.........≈..≈.≈≈≈≈≈≈
≈≈≈≈≈≈≈≈≈≈≈≈≈≈.......≈≈≈≈≈≈≈≈≈≈≈≈
≈≈≈≈≈≈≈≈≈≈≈≈≈≈≈.≈..≈.≈≈≈≈≈≈≈≈≈≈≈≈
≈≈≈≈≈≈≈≈≈≈≈≈≈≈≈≈†≈≈≈≈≈≈≈≈≈≈≈≈≈≈≈≈
≈≈≈≈≈≈≈≈≈≈≈≈≈≈≈≈≈≈≈≈≈≈≈≈≈≈≈≈≈≈≈≈≈
≈≈≈≈≈≈≈≈≈≈≈≈≈≈≈≈.≈.≈≈≈.≈≈≈≈≈≈≈≈≈≈
≈≈≈≈≈##..≈≈≈≈...rr..........≈≈≈≈≈
.........r@r...##. ..##....rr..##
.. ##.......# #..........
.....####..... ....## #..## ####
###


You could see a river rat and 5 rats.

Vanquished Creatures
  2 big kobolds (Sewer)
  2 orc priests
  An orc wizard (D:2)
  An iguana (D:4)
  4 river rats (Sewer)
  3 adders
  3 worms
  4 dart slugs
  4 orcs
  7 ball pythons
  A giant cockroach (D:2)
  4 goblins
  4 hobgoblins
  2 jackals (D:1)
  6 bats
  A frilled lizard (D:1)
  15 kobolds
  17 rats
81 creatures vanquished.

Notes
Turn   | Place    | Note
-------+----------+-------------------------------------------
     0 | D:1      | Alfie the Hill Orc Fighter began the quest for the Orb.
     0 | D:1      | Reached XP level 1. HP: 19/19 MP: 1/1
   199 | D:1      | Reached XP level 2. HP: 23/27 MP: 2/2
   748 | D:2      | Reached XP level 3. HP: 30/33 MP: 3/3
   958 | D:2      | Reached XP level 4. HP: 40/40 MP: 4/4
  1000 | D:2      | Found an iron altar of Okawaru.
  1298 | D:2      | Reached skill level 4 in Shields
  1298 | D:2      | Reached XP level 5. HP: 35/46 MP: 5/5
  1402 | D:4      | Found a glowing drain.
  1418 | D:4      | HP: 2/70 [iguana (8)]
  1565 | D:4      | Noticed Robin
  1567 | Sewer    | Entered a sewer
  1617 | Sewer    | Reached XP level 6. HP: 25/53 MP: 6/6
  1802 | Sewer    | Reached skill level 1 in Dodging
  1802 | Sewer    | Reached skill level 5 in Shields
  1807 | Sewer    | HP: 2/53 [river rat (2)]
  1808 | Sewer    | Slain by a rat

Skill      XL: |  1  2  3  4  5  6 |
---------------+-------------------+-----
Fighting       | 4 |  4.5
Short Blades   | 3 4 |  4.3
Armour         | 4 |  4.9
Shields        | 4 5 |  5.0
Dodging        | 1 |  1.0
Stealth        | |  0.1

Action                   |  1- 3 |  4- 6 || total
-------------------------+-------+-------++-------
Melee: Short sword       |    84 |   157 ||   241
       Rapier            |     7 |       ||     7
  Use: Scroll            |     4 |     3 ||     7
       Potion            |       |     3 ||     3
  Eat: Bread ration      |       |     1 ||     1
Armor: Scale mail        |    32 |   106 ||   138
       Skin              |       |     8 ||     8
Dodge: Dodged            |    30 |    65 ||    95
Block: Shield            |    50 |   122 ||   172
